[Event "26th Abu Dhabi Master 2019"]
[Site "Abu Dhabi"]
[Date "2019.08.07"]
[Round "6.53"]
[White "Panda Sambit"]
[Black "Zhang, Xiaowen"]
[Result "1/2-1/2"]
[ECO "D56"]
[WhiteElo "2126"]
[BlackElo "2318"]
[Annotator "NA"]
[PlyCount "39"]
[EventDate "2019.08.02"]
[EventType "swiss"]
[EventCountry "UAE"]
[SourceTitle "playchess.com"]
[Source "ChessBase"]
[SourceQuality "1"]
[TimeControl "5400+30"]

1. d4 d5 2. c4 e6 3. Nf3 Nf6 4. Bg5 Be7 5. Nc3 h6 6. Bh4 O-O 7. e3 Ne4 8. Bxe7 Qxe7 9. Rc1 c6 10. Bd3 Nxc3 11. Rxc3 Nd7 12. O-O e5 13. dxe5 dxc4 14. Rxc4 Nxe5 15. Re4 Nxf3+ 16. Qxf3 Be6 17. Bc4 Rad8 18. Bxe6 fxe6 19. Qe2 Rd5 20. Rd1 1/2-1/2

[Event "26th Abu Dhabi Master 2019"]
[Site "Abu Dhabi"]
[Date "2019.08.07"]
[Round "6.54"]
[White "Gajwa Ankit"]
[Black "Al Hosani, Omran"]
[Result "1/2-1/2"]
[ECO "B52"]
[WhiteElo "2302"]
[BlackElo "2135"]
[Annotator "NA"]
[PlyCount "96"]
[EventDate "2019.08.02"]
[EventType "swiss"]
[EventCountry "UAE"]
[SourceTitle "playchess.com"]
[Source "ChessBase"]
[SourceQuality "1"]
[TimeControl "5400+30"]

1. e4 c5 2. Nf3 d6 3. Bb5+ Bd7 4. Bxd7+ Qxd7 5. c4 Nf6 6. Nc3 Nc6 7. d4 cxd4 8. Nxd4 Qg4 9. Qxg4 Nxg4 10. Nxc6 bxc6 11. Bf4 Rg8 12. h3 Nf6 13. e5 g5 14. Bh2 dxe5 15. Bxe5 Nd7 16. Bd4 e5 17. Be3 Bb4 18. Kd2 f5 19. Kc2 Kf7 20. Rad1 Ke6 21. Rhe1 f4 22. Bd2 Bc5 23. Ne4 Bd4 24. b4 Nf6 25. Bc3 Bxc3 26. Kxc3 Nxe4+ 27. Rxe4 Kf5 28. Rde1 Rae8 29. g4+ Kf6 30. c5 h5 31. a4 hxg4 32. hxg4 a6 33. b5 axb5 34. axb5 cxb5 35. Kb4 Re6 36. Kxb5 Rb8+ 37. Kc4 Ra8 38. R1e2 Rc8 39. Rd2 Ra8 40. Rb2 Rc8 41. Rb5 Ra6 42. Re2 Ra4+ 43. Rb4 Rxb4+ 44. Kxb4 Ke6 45. Rd2 e4 46. Kc4 e3 47. fxe3 fxe3 48. Rd3 Ke5 1/2-1/2

[Event "26th Abu Dhabi Master 2019"]
[Site "Abu Dhabi"]
[Date "2019.08.07"]
[Round "6.55"]
[White "Eynullayev, Atilla"]
[Black "Panesar Vedant"]
[Result "1/2-1/2"]
[ECO "B12"]
[WhiteElo "2228"]
[BlackElo "2092"]
[Annotator "NA"]
[PlyCount "116"]
[EventDate "2019.08.02"]
[EventType "swiss"]
[EventCountry "UAE"]
[SourceTitle "playchess.com"]
[Source "ChessBase"]
[SourceQuality "1"]
[TimeControl "5400+30"]

1. e4 c6 2. d4 d5 3. e5 Bf5 4. Bd3 Bxd3 5. Qxd3 e6 6. Ne2 Qa5+ 7. c3 Qa6 8. Qf3 Ne7 9. O-O Nd7 10. Re1 c5 11. Nd2 Nc6 12. a3 Rc8 13. Rb1 Qb6 14. Qd3 a5 15. Ra1 a4 16. Nf3 Na5 17. Nf4 Be7 18. Rb1 cxd4 19. cxd4 Qb3 20. Bd2 Qxd3 21. Nxd3 Nb3 22. Bb4 Rc4 23. Bc3 Bxa3 24. Nc1 Nxc1 25. Rexc1 Be7 26. b3 axb3 27. Rxb3 b6 28. Ra1 O-O 29. Bd2 Rc7 30. Kf1 h6 31. Ke2 Kh7 32. Ne1 f6 33. f4 fxe5 34. fxe5 g5 35. h3 Kg6 36. Ra2 Rfc8 37. Ra1 Bf8 38. Nf3 Rb7 39. Rb5 Be7 40. Ne1 h5 41. Nd3 Rf8 42. Ne1 Rc7 43. Ra2 Rf7 44. Ra1 Bf8 45. Be3 Bh6 46. Ra3 Rc4 47. Ra8 Bf8 48. Nd3 Rc2+ 49. Bd2 Rc4 50. Be3 Rc7 51. Bd2 Kf5 52. Nf2 Kg6 53. Nd3 Rb7 54. Re8 Re7 55. Ra8 Rf7 56. Re8 Re7 57. Ra8 Rf7 58. Re8 Be7 1/2-1/2

[Event "26th Abu Dhabi Master 2019"]
[Site "Abu Dhabi"]
[Date "2019.08.07"]
[Round "6.56"]
[White "Bhambure, Shantanu"]
[Black "Vatsal Singhania"]
[Result "1/2-1/2"]
[ECO "D31"]
[WhiteElo "2275"]
[BlackElo "2213"]
[Annotator "NA"]
[PlyCount "118"]
[EventDate "2019.08.02"]
[EventType "swiss"]
[EventCountry "UAE"]
[SourceTitle "playchess.com"]
[Source "ChessBase"]
[SourceQuality "1"]
[TimeControl "5400+30"]

1. d4 d5 2. c4 e6 3. Nc3 Bb4 4. cxd5 exd5 5. Bf4 Nf6 6. e3 O-O 7. Bd3 c5 8. dxc5 Nc6 9. Nge2 Bxc5 10. O-O Be6 11. Rc1 a6 12. Bb1 d4 13. Ne4 Nxe4 14. Bxe4 Bb6 15. Bxc6 bxc6 16. exd4 Qd5 17. b3 Rfe8 18. Be3 Bg4 19. Nf4 Qd7 20. Qd2 Rad8 21. h3 Bf5 22. Rfd1 Re4 23. d5 Bxe3 24. fxe3 cxd5 25. Qxd5 g6 26. Qxd7 Rxd7 27. Rxd7 Bxd7 28. Rc7 Bf5 29. g4 Be6 30. Kf2 Re5 31. Kf3 Bd5+ 32. Nxd5 Rxd5 33. Rc6 a5 34. Ra6 h5 35. a4 hxg4+ 36. hxg4 Kg7 37. Rb6 Rd2 38. Rb5 Rb2 39. g5 Rb1 40. Ke4 f5+ 41. Ke5 Re1 42. Rb7+ Kf8 43. Kf6 Rxe3 44. Kxg6 f4 45. Kf6 f3 46. g6 Re8 47. Rf7+ Kg8 48. Rg7+ Kf8 49. Rf7+ Kg8 50. Rg7+ Kf8 51. Rh7 Kg8 52. Rh1 Rf8+ 53. Kg5 f2 54. Rf1 Rf3 55. Kg4 Rxb3 56. Rxf2 Rb4+ 57. Kg5 Rxa4 58. Rc2 Ra1 59. Kf6 Rf1+ 1/2-1/2

[Event "26th Abu Dhabi Master 2019"]
[Site "Abu Dhabi"]
[Date "2019.08.07"]
[Round "6.57"]
[White "Ashraf, Artin"]
[Black "Ajay Krishna, S."]
[Result "1-0"]
[ECO "A37"]
[WhiteElo "2141"]
[BlackElo "2280"]
[Annotator "NA"]
[PlyCount "112"]
[EventDate "2019.08.02"]
[EventType "swiss"]
[EventCountry "UAE"]
[SourceTitle "playchess.com"]
[Source "ChessBase"]
[SourceQuality "1"]
[TimeControl "5400+30"]

1. Nf3 c5 2. c4 Nc6 3. Nc3 g6 4. g3 Bg7 5. Bg2 d6 6. O-O e6 7. d3 Nge7 8. Bd2 O-O 9. a3 h6 10. Rb1 b6 11. Qc1 Kh7 12. b4 Rb8 13. Na2 e5 14. a4 Be6 15. Qc2 Qd7 16. a5 bxa5 17. bxa5 Qc7 18. Qa4 Rxb1 19. Rxb1 Rb8 20. Rxb8 Qxb8 21. Qc2 Qc7 22. Qa4 Bd7 23. h4 Nd4 24. Qd1 Bg4 25. Nxd4 exd4 26. Kf1 Bd7 27. Nc1 Bc6 28. Qb3 f6 29. Bxc6 Qxc6 30. Kg1 g5 31. hxg5 fxg5 32. Qb8 a6 33. Qb6 Kg6 34. e4 dxe3 35. Bxe3 Kf7 36. Nb3 Qxb6 37. axb6 Nc6 38. b7 Ke8 39. d4 cxd4 40. Bxd4 Bxd4 41. Nxd4 Nb8 42. Nf5 a5 43. Nxd6+ Kd7 44. Ne4 Kc6 45. f4 gxf4 46. gxf4 Kxb7 47. f5 Kc6 48. f6 a4 49. f7 Nd7 50. Nc3 a3 51. Kf2 Kc5 52. Na4+ Kd4 53. c5 a2 54. c6 a1=Q 55. cxd7 Qa2+ 56. Kg1 Qb1+ 1-0

[Event "26th Abu Dhabi Master 2019"]
[Site "Abu Dhabi"]
[Date "2019.08.07"]
[Round "6.58"]
[White "Aaryan Varshney"]
[Black "Soham Kamotra"]
[Result "1/2-1/2"]
[ECO "E15"]
[WhiteElo "2284"]
[BlackElo "2136"]
[Annotator "NA"]
[PlyCount "70"]
[EventDate "2019.08.02"]
[EventType "swiss"]
[EventCountry "UAE"]
[SourceTitle "playchess.com"]
[Source "ChessBase"]
[SourceQuality "1"]
[TimeControl "5400+30"]

1. d4 Nf6 2. Nf3 e6 3. c4 b6 4. g3 Ba6 5. b3 Bb7 6. Bg2 Bb4+ 7. Bd2 c5 8. O-O O-O 9. Bxb4 cxb4 10. a3 Qe7 11. axb4 Qxb4 12. Ra4 Qe7 13. Nc3 d5 14. Qa1 Nc6 15. Qb2 a5 16. Rc1 Rfc8 17. Raa1 Ba6 18. e3 Nb4 19. Ne5 Rab8 20. cxd5 Nfxd5 21. Nxd5 exd5 22. Bh3 Rc7 23. Rxc7 Qxc7 24. Rc1 Qd6 25. Qa3 Bb5 26. Bf1 f6 27. Nd3 Bxd3 28. Bxd3 Qd7 29. Be2 Rc8 30. Rxc8+ Qxc8 31. Qa4 Kf7 32. Kg2 Ke7 33. Qb5 Qe6 34. Bf3 f5 35. h4 g6 1/2-1/2

[Event "26th Abu Dhabi Master 2019"]
[Site "Abu Dhabi"]
[Date "2019.08.07"]
[Round "6.59"]
[White "Tarini Goyal"]
[Black "Priyanka Nutakki"]
[Result "1-0"]
[ECO "A40"]
[WhiteElo "2038"]
[BlackElo "2293"]
[Annotator "NA"]
[PlyCount "67"]
[EventDate "2019.08.02"]
[EventType "swiss"]
[EventCountry "UAE"]
[SourceTitle "playchess.com"]
[Source "ChessBase"]
[SourceQuality "1"]
[TimeControl "5400+30"]

1. d4 Nf6 2. c4 e6 3. g3 c5 4. Nf3 cxd4 5. Nxd4 Bb4+ 6. Nc3 Ne4 7. Qd3 Nxc3 8. bxc3 Be7 9. Bg2 O-O 10. O-O d6 11. Rd1 a6 12. Rb1 Qc7 13. Be3 Nd7 14. Nf3 Rd8 15. Ng5 g6 16. Qe4 Re8 17. Qh4 Nf8 18. Bb6 Qb8 19. Qh6 e5 20. Be3 Bf6 21. Bd5 Re7 22. c5 Bg7 23. Qh4 h6 24. cxd6 Rd7 25. Nxf7 Rxf7 26. Qc4 b5 27. Bxf7+ Kh7 28. Qc7 Bf5 29. Qxb8 Rxb8 30. Rbc1 Nd7 31. c4 bxc4 32. Rxc4 Rb2 33. Rc7 Nf6 34. d7 1-0

[Event "26th Abu Dhabi Master 2019"]
[Site "Abu Dhabi"]
[Date "2019.08.07"]
[Round "6.60"]
[White "Deshpande, Aniruddha"]
[Black "Moksh Amit Doshi"]
[Result "1-0"]
[ECO "A62"]
[WhiteElo "2234"]
[BlackElo "2229"]
[Annotator "NA"]
[PlyCount "77"]
[EventDate "2019.08.02"]
[EventType "swiss"]
[EventCountry "UAE"]
[SourceTitle "playchess.com"]
[Source "ChessBase"]
[SourceQuality "1"]
[TimeControl "5400+30"]

1. d4 Nf6 2. c4 e6 3. g3 c5 4. d5 exd5 5. cxd5 d6 6. Nc3 g6 7. Nf3 Bg7 8. Bg2 O-O 9. O-O Re8 10. Re1 a6 11. a4 b6 12. h3 Nbd7 13. e4 Rb8 14. Bf4 Qc7 15. e5 Nxe5 16. Nxe5 dxe5 17. d6 Qd8 18. Bxe5 Bd7 19. Nd5 Nxd5 20. Qxd5 Rxe5 21. Rxe5 Bc6 22. Qxc6 Bxe5 23. d7 Qc7 24. Re1 Rd8 25. Qxc7 Bxc7 26. Re8+ Kg7 27. Bc6 Kf6 28. Kg2 h5 29. f4 Kg7 30. Kf3 Kf6 31. g4 hxg4+ 32. Kxg4 Kg7 33. Kg5 f6+ 34. Kg4 Kf7 35. f5 Kg7 36. h4 Kh7 37. fxg6+ Kxg6 38. h5+ Kh6 39. Kf5 1-0

[Event "26th Abu Dhabi Master 2019"]
[Site "Abu Dhabi"]
[Date "2019.08.07"]
[Round "6.61"]
[White "Asaka, Samuel"]
[Black "Srijit Paul"]
[Result "1-0"]
[ECO "A81"]
[WhiteElo "2201"]
[BlackElo "2298"]
[Annotator "NA"]
[PlyCount "51"]
[EventDate "2019.08.02"]
[EventType "swiss"]
[EventCountry "UAE"]
[SourceTitle "playchess.com"]
[Source "ChessBase"]
[SourceQuality "1"]
[TimeControl "5400+30"]

1. d4 f5 2. g3 Nf6 3. Bg2 g6 4. Nf3 Bg7 5. O-O O-O 6. b3 Ne4 7. Bb2 d6 8. Nbd2 Nc6 9. Ne1 d5 10. Ndf3 a5 11. Nd3 a4 12. Rc1 Kh8 13. e3 axb3 14. axb3 b6 15. c4 dxc4 16. bxc4 Na5 17. Ng5 Nxg5 18. Bxa8 c6 19. Bc3 Bd7 20. Bxa5 bxa5 21. Bb7 Qc7 22. Rb1 Rb8 23. Nc5 Qd6 24. h4 Ne4 25. Nxd7 Qxd7 26. Bxc6 1-0

[Event "26th Abu Dhabi Master 2019"]
[Site "Abu Dhabi"]
[Date "2019.08.07"]
[Round "6.62"]
[White "Priyanka, K."]
[Black "Gomes, Mary Ann"]
[Result "1-0"]
[ECO "B92"]
[WhiteElo "2201"]
[BlackElo "2303"]
[Annotator "NA"]
[PlyCount "115"]
[EventDate "2019.08.02"]
[EventType "swiss"]
[EventCountry "UAE"]
[SourceTitle "playchess.com"]
[Source "ChessBase"]
[SourceQuality "1"]
[TimeControl "5400+30"]

1. e4 c5 2. Nf3 d6 3. d4 cxd4 4. Nxd4 Nf6 5. Nc3 a6 6. Be2 e5 7. Nf3 Be7 8. Bg5 Be6 9. Bxf6 Bxf6 10. O-O O-O 11. Nd5 Be7 12. Bc4 Nd7 13. Bb3 Rc8 14. Qe2 Bxd5 15. Bxd5 Qb6 16. c3 Nf6 17. Rad1 Nxd5 18. Rxd5 Rc5 19. Rfd1 Rxd5 20. Rxd5 Rc8 21. Ne1 Rc5 22. Rxc5 Qxc5 23. Qd3 Bd8 24. Nc2 Bb6 25. Ne3 a5 26. Qc4 g6 27. Qxc5 dxc5 28. a4 f6 29. Kf1 Kf7 30. Ke2 Ke6 31. Kd3 Kd7 32. Kc4 Kc6 33. Nd5 Bd8 34. g4 h6 35. Ne3 Be7 36. h4 h5 37. gxh5 gxh5 38. Nf5 Bd8 39. f3 b6 40. Ng7 f5 41. exf5 Bxh4 42. Nxh5 Bg5 43. f6 Kd6 44. Kb5 Bc1 45. b3 Bd2 46. c4 Ke6 47. Kxb6 Bb4 48. Kc6 Ba3 49. Kc7 Bb4 50. Kc6 Ba3 51. f7 Kxf7 52. Kd5 Kg6 53. Ng3 Kf6 54. Ne4+ Kf5 55. Nxc5 Kf4 56. Nd3+ Kxf3 57. Nxe5+ Ke3 58. c5 {[%emt 0:00:10] Ke4+ Kxe4} 1-0

[Event "26th Abu Dhabi Master 2019"]
[Site "Abu Dhabi"]
[Date "2019.08.07"]
[Round "6.63"]
[White "Utsab Chatterjee"]
[Black "Srija, Seshadri"]
[Result "1-0"]
[ECO "C72"]
[WhiteElo "2150"]
[BlackElo "2306"]
[Annotator "NA"]
[PlyCount "87"]
[EventDate "2019.08.02"]
[EventType "swiss"]
[EventCountry "UAE"]
[SourceTitle "playchess.com"]
[Source "ChessBase"]
[SourceQuality "1"]
[TimeControl "5400+30"]

1. e4 e5 2. Nf3 Nc6 3. Bb5 a6 4. Ba4 d6 5. O-O Bd7 6. c3 g6 7. d4 Bg7 8. Be3 b5 9. Bb3 Nf6 10. dxe5 Nxe5 11. Nxe5 dxe5 12. Nd2 Qe7 13. h3 O-O 14. Bc2 h6 15. b4 Rfd8 16. Qf3 g5 17. g4 Nh7 18. Nb3 Nf8 19. Nc5 Bc6 20. a4 Ng6 21. Ra3 Nf4 22. Rfa1 Rd6 23. Bxf4 gxf4 24. axb5 Bxb5 25. Bb3 h5 26. gxh5 Qg5+ 27. Kh2 Rd2 28. c4 Qh4 29. R3a2 Rxa2 30. Rxa2 Be8 31. Nxa6 f6 32. Qg4 Qxh5 33. Qxh5 Bxh5 34. Nxc7 Rxa2 35. Bxa2 Bf8 36. c5+ Kh8 37. Ne6 Be7 38. c6 Be8 39. b5 Bd6 40. Bd5 f5 41. b6 fxe4 42. Bxe4 Bf7 43. Ng5 Be8 44. c7 1-0

[Event "26th Abu Dhabi Master 2019"]
[Site "Abu Dhabi"]
[Date "2019.08.07"]
[Round "6.64"]
[White "Adnan, Habib"]
[Black "Alinasab, Mobina"]
[Result "1-0"]
[ECO "A64"]
[WhiteElo "2197"]
[BlackElo "2280"]
[Annotator "NA"]
[PlyCount "83"]
[EventDate "2019.08.02"]
[EventType "swiss"]
[EventCountry "UAE"]
[SourceTitle "playchess.com"]
[Source "ChessBase"]
[SourceQuality "1"]
[TimeControl "5400+30"]

1. d4 Nf6 2. c4 e6 3. g3 c5 4. d5 exd5 5. cxd5 g6 6. Bg2 d6 7. Nf3 Bg7 8. O-O O-O 9. Nc3 Re8 10. Nd2 a6 11. a4 Nbd7 12. Nc4 Ne5 13. Na3 Nh5 14. h3 Rb8 15. e4 Bd7 16. a5 Qxa5 17. g4 Nf6 18. f4 Nexg4 19. hxg4 Nxg4 20. f5 h5 21. Bg5 Bd4+ 22. Kh1 Nf2+ 23. Rxf2 Bxf2 24. Nc2 Qb6 25. Qd2 Bg3 26. Ne3 Qc7 27. Bf6 Bf4 28. Rf1 Bh6 29. Qf2 b5 30. Ne2 b4 31. Nf4 Kh7 32. Rg1 Rg8 33. Bh3 Rbe8 34. Qf3 a5 35. Kh2 Bc8 36. Neg2 a4 37. Nh4 g5 38. Qxh5 gxf4 39. Rg6 Rxg6 40. fxg6+ Kg8 41. Qxh6 fxg6 42. Qh8+ 1-0

[Event "26th Abu Dhabi Master 2019"]
[Site "Abu Dhabi"]
[Date "2019.08.07"]
[Round "6.65"]
[White "Salonika, Saina"]
[Black "Salih, Akar Ali Salih"]
[Result "1/2-1/2"]
[ECO "B07"]
[WhiteElo "2127"]
[BlackElo "2261"]
[Annotator "NA"]
[PlyCount "43"]
[EventDate "2019.08.02"]
[EventType "swiss"]
[EventCountry "UAE"]
[SourceTitle "playchess.com"]
[Source "ChessBase"]
[SourceQuality "1"]
[TimeControl "5400+30"]

1. e4 d6 2. d4 Nf6 3. Nc3 e5 4. dxe5 dxe5 5. Qxd8+ Kxd8 6. Bc4 Ke8 7. Nf3 Bd6 8. O-O h6 9. b3 a6 10. a4 Nbd7 11. Bb2 Ke7 12. Rfe1 Re8 13. Na2 Kf8 14. Nc1 b6 15. Nd2 Bb4 16. c3 Bd6 17. Bd3 Bb7 18. Nc4 Nc5 19. f3 Kg8 20. Bc2 Bf8 21. b4 Ncd7 22. Nd3 1/2-1/2

[Event "26th Abu Dhabi Master 2019"]
[Site "Abu Dhabi"]
[Date "2019.08.07"]
[Round "6.66"]
[White "Siva Mahadevan"]
[Black "Sharma Isha"]
[Result "1/2-1/2"]
[ECO "C41"]
[WhiteElo "2270"]
[BlackElo "2188"]
[Annotator "NA"]
[PlyCount "83"]
[EventDate "2019.08.02"]
[EventType "swiss"]
[EventCountry "UAE"]
[SourceTitle "playchess.com"]
[Source "ChessBase"]
[SourceQuality "1"]
[TimeControl "5400+30"]

1. e4 d6 2. d4 Nf6 3. Nc3 e5 4. Nf3 Nbd7 5. g4 Nxg4 6. Rg1 exd4 7. Nxd4 Ngf6 8. Be3 Ne5 9. Be2 Bd7 10. Qd2 c6 11. O-O-O h6 12. f4 Ng6 13. Rxg6 fxg6 14. e5 d5 15. Qd3 Qe7 16. Qxg6+ Kd8 17. Qg3 Ne8 18. f5 Nc7 19. e6 Be8 20. Bf4 Kc8 21. h4 b5 22. Bf3 b4 23. Nce2 a5 24. Be5 a4 25. Nf4 b3 26. a3 Ra5 27. c3 Nb5 28. Ng6 Bxg6 29. Nxc6 Qc5 30. Nxa5 Qe3+ 31. Kb1 Bxf5+ 32. Ka1 Nxa3 33. bxa3 Qc5 34. Nc4 dxc4 35. Bb7+ Kxb7 36. Qf3+ Ka6 37. Qa8+ Qa7 38. Qc6+ Qb6 39. Qxa4+ Qa5 40. Qc6+ Qb6 41. Qa4+ Qa5 42. Qc6+ 1/2-1/2

[Event "26th Abu Dhabi Master 2019"]
[Site "Abu Dhabi"]
[Date "2019.08.07"]
[Round "6.67"]
[White "Paramzina, Anastasya"]
[Black "Mahdian, Anousha"]
[Result "1-0"]
[ECO "B10"]
[WhiteElo "2300"]
[BlackElo "2118"]
[Annotator "NA"]
[PlyCount "45"]
[EventDate "2019.08.02"]
[EventType "swiss"]
[EventCountry "UAE"]
[SourceTitle "playchess.com"]
[Source "ChessBase"]
[SourceQuality "1"]
[TimeControl "5400+30"]

1. e4 c6 2. Nc3 d5 3. Nf3 dxe4 4. Nxe4 Nf6 5. Ng3 h5 6. d3 h4 7. Ne2 h3 8. gxh3 Nbd7 9. Bg2 e5 10. Ng3 g6 11. Qe2 Bd6 12. O-O Kf8 13. Bg5 Qc7 14. Rae1 Nd5 15. Ne4 f6 16. Bd2 Nc5 17. Nxd6 Qxd6 18. c4 Nc7 19. d4 Nd7 20. dxe5 Nxe5 21. Nxe5 Qxe5 22. Qd3 Bf5 23. Qa3+ 1-0

[Event "26th Abu Dhabi Master 2019"]
[Site "Abu Dhabi"]
[Date "2019.08.07"]
[Round "6.68"]
[White "Mithil, Ajgaonkar"]
[Black "Mrudul Dehankar"]
[Result "1/2-1/2"]
[ECO "E15"]
[WhiteElo "2314"]
[BlackElo "2074"]
[Annotator "NA"]
[PlyCount "138"]
[EventDate "2019.08.02"]
[EventType "swiss"]
[EventCountry "UAE"]
[SourceTitle "playchess.com"]
[Source "ChessBase"]
[SourceQuality "1"]
[TimeControl "5400+30"]

1. d4 Nf6 2. c4 e6 3. Nf3 b6 4. g3 Ba6 5. b3 Bb4+ 6. Bd2 Be7 7. Bg2 c6 8. Bc3 d5 9. Ne5 Nfd7 10. Nxd7 Nxd7 11. Nd2 O-O 12. O-O Rc8 13. e4 b5 14. Re1 bxc4 15. bxc4 dxc4 16. Qa4 Bb5 17. Qc2 Nf6 18. a4 Ba6 19. Rad1 Rb8 20. Bf1 Bb4 21. Bxc4 Bxc4 22. Nxc4 Qc7 23. Bxb4 Rxb4 24. Ne5 Rc8 25. Rc1 Rxd4 26. Qxc6 Rd7 27. Qb5 Qxc1 28. Rxc1 Rxc1+ 29. Kg2 Rdc7 30. Qb8+ Rc8 31. Qxa7 R1c7 32. Qd4 Rc5 33. a5 Rxa5 34. Nc6 Raa8 35. Ne7+ Kf8 36. Nxc8 Rxc8 37. h3 h6 38. g4 Ke7 39. Qb4+ Ke8 40. f4 Rd8 41. f5 exf5 42. gxf5 Nd7 43. Qc4 Ke7 44. Qb4+ Ke8 45. Qc4 Ke7 46. Qb4+ Ke8 47. Kg3 f6 48. Qc4 Ke7 49. Qc7 Rb8 50. Kh4 Rb4 51. Qc6 Rd4 52. Kh5 Rd3 53. Qe6+ Kf8 54. Kg6 Ne5+ 55. Kh7 Nf7 56. h4 Rd8 57. Qb6 Re8 58. Qc5+ Re7 59. Qb4 Ne5 60. Qb8+ Re8 61. Qd6+ Re7 62. Qb4 Nf7 63. Qc5 Ne5 64. Qg1 g5+ 65. Kh8 Nf7+ 66. Kh7 Ne5+ 67. Kh8 Nf7+ 68. Kh7 Ne5+ 69. Kh8 Nf7+ 1/2-1/2

[Event "26th Abu Dhabi Master 2019"]
[Site "Abu Dhabi"]
[Date "2019.08.07"]
[Round "6.69"]
[White "Arjun C Krishnamachari"]
[Black "Tabada, Jobannie C."]
[Result "0-1"]
[ECO "B51"]
[WhiteElo "2212"]
[BlackElo "2216"]
[Annotator "NA"]
[PlyCount "152"]
[EventDate "2019.08.02"]
[EventType "swiss"]
[EventCountry "UAE"]
[SourceTitle "playchess.com"]
[Source "ChessBase"]
[SourceQuality "1"]
[TimeControl "5400+30"]

1. e4 c5 2. Nf3 d6 3. Bb5+ Nd7 4. O-O g6 5. Re1 Bg7 6. c3 a6 7. Bf1 Ngf6 8. d4 O-O 9. a4 Qc7 10. h3 b6 11. Bf4 e5 12. dxe5 dxe5 13. Bh2 Bb7 14. Qc2 Rfe8 15. Nbd2 Qc6 16. Qb3 Re7 17. Rad1 Qc7 18. Bc4 Rf8 19. Qc2 Qc8 20. Nf1 Qa8 21. N1d2 Bc6 22. Qd3 Bb7 23. Qc2 Bc6 24. Qd3 Bb7 25. Qc2 h6 26. Bd3 Ne8 27. Nf1 Bc6 28. Ne3 Nc7 29. c4 Ne6 30. Nd5 Ree8 31. Bg3 Qb8 32. Rb1 a5 33. b3 Bb7 34. Rbd1 Kh7 35. Nc3 Bc6 36. Bf1 Rd8 37. Nd5 Rfe8 38. Qc1 Qb7 39. Bh4 f6 40. Qc2 g5 41. Bg3 Nb8 42. Bd3 Bd7 43. Qe2 Nc6 44. Nh2 Ned4 45. Qb2 Rf8 46. Qb1 Rf7 47. f3 Rdf8 48. Ng4 h5 49. Nge3 Rg8 50. Nf5 Bf8 51. Nxd4 Nxd4 52. Bf2 Rg6 53. Bxd4 cxd4 54. g4 Rh6 55. Kg2 Kh8 56. Rh1 Be6 57. Qc2 Rfh7 58. Rb1 Kg7 59. Qe2 Bc5 60. Rh2 Qc8 61. Rbh1 Qh8 62. Kg1 Ba3 63. Qg2 Bc1 64. Nc7 Bd7 65. Kf1 Bf4 66. c5 Qb8 67. cxb6 Qxb6 68. Nb5 Qc5 69. Qc2 Qe7 70. Rg2 hxg4 71. fxg4 Rxh3 72. Rxh3 Rxh3 73. Kf2 Kg6 74. Nc7 Qh7 75. Nd5 Qh4+ 76. Kf1 Rh1+ 0-1

[Event "26th Abu Dhabi Master 2019"]
[Site "Abu Dhabi"]
[Date "2019.08.07"]
[Round "6.70"]
[White "Ajay Karthikeyan"]
[Black "Mohamed, Faisal"]
[Result "1-0"]
[ECO "A45"]
[WhiteElo "2216"]
[BlackElo "2150"]
[Annotator "NA"]
[PlyCount "101"]
[EventDate "2019.08.02"]
[EventType "swiss"]
[EventCountry "UAE"]
[SourceTitle "playchess.com"]
[Source "ChessBase"]
[SourceQuality "1"]
[TimeControl "5400+30"]

1. d4 Nf6 2. Bf4 c5 3. d5 d6 4. Nc3 e5 5. Bc1 Be7 6. e4 O-O 7. Bd3 Na6 8. Nge2 Nc7 9. a4 Nfe8 10. O-O Bg5 11. f4 exf4 12. Nxf4 g6 13. Nce2 Ng7 14. Ng3 Bd7 15. Bd2 Bf6 16. c3 Be5 17. Nfe2 Qh4 18. Qc1 f6 19. Bf4 Bxf4 20. Qxf4 Qxf4 21. Rxf4 f5 22. exf5 Nxf5 23. Nxf5 Bxf5 24. Bxf5 Rxf5 25. Rxf5 gxf5 26. Ng3 Nxd5 27. Nxf5 Rd8 28. Rd1 Nb6 29. b3 Nc8 30. g4 Kf7 31. Kg2 Ke6 32. Kf3 Kd7 33. Kf4 Kc6 34. h4 Rd7 35. h5 Ne7 36. c4 Kc7 37. g5 Nxf5 38. Kxf5 Rf7+ 39. Ke6 Rf3 40. Rg1 Rxb3 41. Kf7 Rh3 42. h6 Re3 43. g6 hxg6 44. Rh1 Rf3+ 45. Kg7 Re3 46. h7 Re8 47. Kxg6 a6 48. a5 b6 49. axb6+ Kxb6 50. h8=Q Rxh8 51. Rxh8 1-0

[Event "26th Abu Dhabi Master 2019"]
[Site "Abu Dhabi"]
[Date "2019.08.07"]
[Round "6.71"]
[White "Soham Datar"]
[Black "Wang, Shanshan"]
[Result "1/2-1/2"]
[ECO "A06"]
[WhiteElo "2129"]
[BlackElo "2122"]
[Annotator "NA"]
[PlyCount "179"]
[EventDate "2019.08.02"]
[EventType "swiss"]
[EventCountry "UAE"]
[SourceTitle "playchess.com"]
[Source "ChessBase"]
[SourceQuality "1"]
[TimeControl "5400+30"]

1. Nf3 d5 2. b3 Nf6 3. Bb2 e6 4. g3 Be7 5. Bg2 c5 6. e3 Nc6 7. O-O O-O 8. c4 Qb6 9. cxd5 exd5 10. Nc3 Bf5 11. d4 c4 12. Ne5 Rfd8 13. Na4 Qa6 14. Nxc6 bxc6 15. f3 cxb3 16. axb3 Qd3 17. Qxd3 Bxd3 18. Rfc1 Rab8 19. Ba3 Bxa3 20. Rxa3 Bb5 21. Nc5 Nd7 22. Bh3 Nxc5 23. Rxc5 g6 24. Kf2 Rb7 25. Bg2 Kf8 26. g4 h6 27. h4 Ke7 28. Rc1 Rdd7 29. g5 hxg5 30. hxg5 f6 31. gxf6+ Kxf6 32. Bf1 Rb6 33. Bxb5 cxb5 34. b4 a6 35. Rac3 Re7 36. Rc5 Rd6 37. Ke2 Ree6 38. Kd3 Rd8 39. Rc6 Ke7 40. e4 dxe4+ 41. fxe4 Rxc6 42. Rxc6 Rd6 43. Rc7+ Rd7 44. Rc5 Ra7 45. e5 a5 46. bxa5 Rxa5 47. Ke4 g5 48. Rc7+ Kd8 49. Rg7 b4 50. Rxg5 b3 51. Rg1 b2 52. Rb1 Ra2 53. Kd3 Kd7 54. Kc4 Ke6 55. Kb3 Ra5 56. Rxb2 Kd5 57. Kc3 Ra1 58. Rb5+ Ke4 59. e6 Rc1+ 60. Kd2 Rc8 61. d5 Ke5 62. Kd3 Rc7 63. Kd2 Rc8 64. Ra5 Rc7 65. Ke3 Rc3+ 66. Kd2 Rc7 67. Ke2 Rc8 68. Kf3 Rg8 69. Rb5 Rg7 70. Ke3 Rh7 71. Ke2 Rg7 72. Kd1 Rc7 73. Ra5 Rc8 74. Kd2 Rc7 75. Ke3 Rc8 76. Kf2 Rg8 77. Rc5 Kd6 78. Ra5 Ke5 79. Kf3 Rg7 80. Ra6 Rg8 81. Ke3 Rg7 82. Rb6 Rg8 83. Ra6 Rg7 84. d6 Kxe6 85. d7+ Ke7 86. Ra7 Rg6 87. Ke4 Rd6 88. Ke5 Rxd7 89. Rxd7+ Kxd7 90. Ke4 1/2-1/2

[Event "26th Abu Dhabi Master 2019"]
[Site "Abu Dhabi"]
[Date "2019.08.07"]
[Round "6.72"]
[White "Krzywda, Andrzej"]
[Black "Ammar, Sedrani"]
[Result "1-0"]
[ECO "D06"]
[WhiteElo "2190"]
[BlackElo "2024"]
[Annotator "NA"]
[PlyCount "53"]
[EventDate "2019.08.02"]
[EventType "swiss"]
[EventCountry "UAE"]
[SourceTitle "playchess.com"]
[Source "ChessBase"]
[SourceQuality "1"]
[TimeControl "5400+30"]

1. d4 d5 2. c4 Bf5 3. Qb3 dxc4 4. Qxb7 Nd7 5. Nc3 Ngf6 6. Nf3 e6 7. e3 Rb8 8. Qc6 Bb4 9. Bd2 O-O 10. Bxc4 Nb6 11. Be2 Nbd5 12. O-O Bxc3 13. Bxc3 Ne4 14. Rac1 Nexc3 15. bxc3 Rb2 16. Rfe1 Rxa2 17. Bc4 Rb2 18. e4 Ne7 19. Qc5 Bg6 20. Qxa7 Qa8 21. Qc5 Bxe4 22. Qxe7 Bxf3 23. gxf3 Qxf3 24. Qh4 Ra8 25. Re3 Qc6 26. Bd3 f5 27. Rce1 1-0

[Event "26th Abu Dhabi Master 2019"]
[Site "Abu Dhabi"]
[Date "2019.08.07"]
[Round "6.73"]
[White "Srihari L"]
[Black "Haase, Pavel"]
[Result "1-0"]
[ECO "B06"]
[WhiteElo "2101"]
[BlackElo "2160"]
[Annotator "NA"]
[PlyCount "29"]
[EventDate "2019.08.02"]
[EventType "swiss"]
[EventCountry "UAE"]
[SourceTitle "playchess.com"]
[Source "ChessBase"]
[SourceQuality "1"]
[TimeControl "5400+30"]

1. e4 d6 2. d4 g6 3. Nc3 Bg7 4. f4 c6 5. Nf3 Bg4 6. Be2 Qb6 7. e5 Nd7 8. a4 a5 9. Ra3 Rd8 10. exd6 exd6 11. Rb3 Qc7 12. Ne4 Ne7 13. Rxb7 Qxb7 14. Nxd6+ Kf8 15. Nxb7 1-0